cohdb
Replays
Latest Replays
All Replays
Popular Replays
Top Player Replays
Match Explorer
How It Works
Community
CoH3 Stats
Reddit
Sign in to upload your games and track your stats! →
Sign in with Steam
Match 25047600
Unlisted
Match 25047600
Overview
Messages
Build Orders
End
Vickers Machine Gun Team
Construct Section Command Post
ML 3-inch Mortar Team
Infantry Section
ML 3-inch Mortar Team
Vickers Machine Gun Team
Selects Air and Sea Battlegroup
Selects Supply Surplus
Construct Field Infirmary
Construct Platoon Command Post
Construct Company Command Post
Selects Commando Section Paradrop
Selects M1 Pack Howitzer Paradrop
Team Weapon Training
Foot Guards Section
Unlock M3 Stuart Light Tanks
M3 Stuart Light Tank
达克布鲁
redcoat15
TidaL
wuhecun
石鳞丽桑卓
Baigaman
SpaceRanger
cp3
0
0
Comments
sign in to comment!
No comments posted yet!